 Dungeon Crawl Stone Soup version 0.24.1-8-ga250c9d538 (webtiles) character file.

Game seed: 5384784314316533789, levelgen mode: deterministic

759016 mnogoshchuk the Conqueror (level 27, -62/273 HPs)
             Began as a Minotaur Fighter on May 6, 2020.
             Was the Champion of Okawaru.
             Killed from afar by an orb of fire (74 damage)
             ... with a fireball
             ... on level 5 of the Realm of Zot on May 8, 2020.
             The game lasted 08:15:06 (109330 turns).

mnogoshchuk the Conqueror (Minotaur Fighter)      Turns: 109330, Time: 08:15:08

Health: -62/273    AC: 35    Str: 43    XL:     27
Magic:  16/30      EV: 22    Int: 11    God:    Okawaru [******]
Gold:   7045       SH: 30    Dex: 12    Spells: 28/28 levels left

rFire    . . .     SeeInvis .   y - +4 broad axe of Defilement {chop, +Fly rC++ MR+++ Str-2}
rCold    + + +     Gourm    .   J - +5 shield of the Barnacle {rElec Int+2 Stlth-}
rNeg     + . .     Faith    .   R - +8 chain mail "Umoesag" {rC++ Int+4 Stlth+}
rPois    .         Spirit   .   Z - +1 hat {MR+}
rElec    +         Reflect  +   x - scarf {cloud immunity}
rCorr    +         Harm     .   N - +2 pair of gloves {Str+3}
MR       +++++     Rnd*Rage +   l - +2 pair of boots {run}
Stlth    ..........             n - +4 amulet of reflection
HPRegen  0.55/turn              S - ring of Ifyaxzoy {+Inv rN+ rCorr Str+4}
MPRegen  0.22/turn              V - ring "Yjodis" {+Blink EV-2 Str+4 Stlth-}

@: heroism, quick
A: retaliatory headbutt, horns 2, berserk 1, blink, strong 1
}: 4/15 runes: decaying, serpentine, slimy, silver
a: Blink, Heroism, Finesse, Renounce Religion, Evoke Blink, Evoke Invisibility,
Evoke Flight


You were on level 5 of the Realm of Zot.
You worshipped Okawaru.
Okawaru was exalted by your worship.
You were not hungry.

You visited 11 branches of the dungeon, and saw 55 of its levels.
You visited the Abyss 6 times.
You also visited: Sewer and Ice Cave.

You collected 9097 gold pieces.
You spent 2052 gold pieces at shops.

Inventory:

Hand Weapons
 y - the +4 broad axe of Defilement (weapon) {chop, +Fly rC++ MR+++ Str-2}
   (Okawaru gifted it to you on level 1 of the Elven Halls)

   It inflicts extra damage upon your enemies.
   It affects your strength (-2).
   It greatly protects you from cold.
   It affects your resistance to hostile enchantments.
   It lets you fly.
 z - the +8 war axe of the Pariah {flame, *Corrode Str+5 Int+2}
   (Okawaru gifted it to you on level 2 of the Elven Halls)

   It has been specially enchanted to burn those struck by it, causing extra
   injury to most foes and up to half again as much damage against particularly
   susceptible opponents.
   Big, fiery blades are also staple armaments of hydra-hunters.
   It affects your strength (+5).
   It affects your intelligence (+2).
   It may corrode you when you take damage.
 T - the +4 war axe of Past Mistakes {venom, rPois rC+ Stlth+}
   (You found it on level 10 of the Dungeon)

   It poisons the flesh of those it strikes.
   It protects you from cold.
   It protects you from poison.
   It makes you more stealthy.
 Y - the +5 war axe of the People {holy, Str+4 Dex-2}
   (You took it off a deep elf sorcerer on level 3 of the Elven Halls)

   It has been blessed by the Shining One to cause great damage to the undead
   and demons.
   It affects your strength (+4).
   It affects your dexterity (-2).
Armour
 l - a +2 pair of boots of running (worn)
 x - a scarf of cloud immunity (worn)
 H - the +8 orange crystal plate armour {Archmagi, Int+3 Clar}
   (Okawaru gifted it to you on level 3 of the Depths)

   It affects your intelligence (+3).
   It protects you against confusion.
 J - the +5 shield of the Barnacle (worn) {rElec Int+2 Stlth-}
   (You took it off Donald on level 2 of the Orcish Mines)

   It affects your intelligence (+2).
   It insulates you from electricity.
   It makes you less stealthy.
 N - a +2 pair of gloves of strength (worn)
 R - the +8 chain mail "Umoesag" (worn) {rC++ Int+4 Stlth+}
   (You found it in an ice cave)

   It affects your intelligence (+4).
   It greatly protects you from cold.
   It makes you more stealthy.
 X - a scarf of resistance
 Z - a +1 hat of magic resistance (worn)
Jewellery
 n - a +4 amulet of reflection (around neck)
 D - the amulet of the Snail {MR+ Regen+ MP+9 Str+4}
   (You took it off a deep elf sorcerer on level 3 of the Elven Halls)

   [amulet of regeneration]

   It affects your strength (+4).
   It affects your resistance to hostile enchantments.
   It affects your magic capacity (+9).
   It increases your rate of regeneration.
 F - a +4 ring of strength
 S - the ring of Ifyaxzoy (left hand) {+Inv rN+ rCorr Str+4}
   (You found it on level 5 of the Pits of Slime)

   [ring of resist corrosion]

   It affects your strength (+4).
   It protects you from negative energy.
   It lets you turn invisible.
   It provides partial protection from all sources of acid and corrosion.
 V - the ring "Yjodis" (right hand) {+Blink EV-2 Str+4 Stlth-}
   (You bought it in a shop on level 2 of the Orcish Mines)

   [ring of evasion]

   It affects your evasion (-2).
   It affects your strength (+4).
   It lets you blink.
   It makes you less stealthy.
Wands
 b - a wand of polymorph (37)
 j - a wand of digging (17)
 A - a wand of flame (156)
 I - a wand of iceblast (61)
 K - a wand of enslavement (34)
 O - a wand of random effects (115)
Scrolls
 c - a scroll of brand weapon
 k - a scroll of torment
 m - 10 scrolls of fear
 o - 16 scrolls of enchant weapon
 q - 6 scrolls of enchant armour
 s - 19 scrolls of remove curse
 u - 3 scrolls of noise
 B - 8 scrolls of fog
 C - 3 scrolls of magic mapping
 L - 9 scrolls of teleportation
 P - 2 scrolls of holy word
 Q - 3 scrolls of immolation
 U - 5 scrolls of blinking
Potions
 a - 4 potions of invisibility
 d - 9 potions of might
 e - 22 potions of curing
 g - 9 potions of lignification
 h - 7 potions of berserk rage
 i - 13 potions of flight
 p - 2 potions of ambrosia
 r - 7 potions of agility
 v - 9 potions of brilliance
 E - 4 potions of cancellation
 G - 8 potions of haste
 W - 2 potions of resistance
Comestibles
 f - 61 rations


   Skills:
 O Level 27 Fighting
   Level 2.2(7.2) Long Blades
 - Level 21.0(26.0) Axes
 - Level 0.1(5.1) Throwing
 - Level 23.0(27) Armour
 + Level 20.4(25.4) Dodging
 - Level 0.7(5.7) Stealth
 O Level 27 Shields
 + Level 24.7(27) Unarmed Combat
 - Level 1.1 Spellcasting
 - Level 7.1 Invocations
 - Level 11.4 Evocations


You had 28 spell levels left.
You didn't know any spells.
Your spell library contained the following spells:

 Spells                   Type           Power        Failure   Level  Hunger
 Animate Skeleton         Necr           N/A          45%         1    ##.....
 Apportation              Tloc           #.....       45%         1    ##.....
 Beastly Appendage        Tmut           #.....       45%         1    ##.....
 Confusing Touch          Hex            #.....       45%         1    ##.....
 Flame Tongue             Conj/Fire      #....        45%         1    ##.....
 Infusion                 Chrm           #...         45%         1    ##.....
 Magic Dart               Conj           #...         45%         1    ##.....
 Pain                     Necr           #...         45%         1    ##.....
 Sandblast                Erth           #.....       45%         1    ##.....
 Shock                    Conj/Air       #...         45%         1    ##.....
 Summon Butterflies       Summ           #.......     45%         1    ##.....
 Summon Small Mammal      Summ           #...         45%         1    ##.....
 Blink                    Tloc           N/A          61%         2    ###....
 Call Imp                 Summ           #.......     61%         2    ###....
 Passwall                 Tmut/Erth      #.......     61%         2    ###....
 Poisonous Vapours        Pois/Air       #.....       61%         2    ###....
 Searing Ray              Conj           #.....       61%         2    ###....
 Shroud of Golubria       Chrm/Tloc      #.....       61%         2    ###....
 Slow                     Hex            #.......     61%         2    ###....
 Sticks to Snakes         Tmut           #.......     61%         2    ###....
 Sublimation of Blood     Necr           #.........   61%         2    ###....
 Swiftness                Chrm/Air       #.......     61%         2    ###....
 Throw Flame              Conj/Fire      #.....       61%         2    ###....
 Call Canine Familiar     Summ           #.......     83%         3    ####...
 Confuse                  Hex            #.......     83%         3    ####...
 Conjure Flame            Conj/Fire      #.......     83%         3    ####...
 Dazzling Spray           Conj/Hex       #.....       83%         3    ####...
 Gell's Gravitas          Tloc           #.........   83%         3    ####...
 Ignite Poison            Fire/Tmut/Pois #.......     83%         3    ####...
 Inner Flame              Hex/Fire       #.......     83%         3    ####...
 Lesser Beckoning         Tloc           #.........   83%         3    ####...
 Mephitic Cloud           Conj/Pois/Air  #.......     83%         3    ####...
 Recall                   Summ/Tloc      N/A          83%         3    ####...
 Regeneration             Chrm/Necr      #.........   83%         3    ####...
 Spectral Weapon          Hex/Chrm       #.......     83%         3    ####...
 Spider Form              Tmut/Pois      #.........   83%         3    ####...
 Static Discharge         Conj/Air       #.......     83%         3    ####...
 Stone Arrow              Conj/Erth      #.....       83%         3    ####...
 Summon Guardian Golem    Hex/Summ       #.......     83%         3    ####...
 Teleport Other           Tloc           #.......     83%         3    ####...
 Tukima's Dance           Hex            #.......     83%         3    ####...
 Airstrike                Air            #.........   99%         4    #####..
 Animate Dead             Necr           N/A          99%         4    #####..
 Cause Fear               Hex            #.........   99%         4    #####..
 Force Lance              Conj/Tloc      #.......     99%         4    #####..
 Fulminant Prism          Conj/Hex       #.........   99%         4    #####..
 Ice Form                 Ice/Tmut       #.......     99%         4    #####..
 Iskenderun's Mystic Bla  Conj           #.......     99%         4    #####..
 Passage of Golubria      Tloc           N/A          99%         4    #####..
 Petrify                  Tmut/Erth      #.......     99%         4    #####..
 Sticky Flame             Conj/Fire      #.......     99%         4    #####..
 Summon Ice Beast         Ice/Summ       #.......     99%         4    #####..
 Alistair's Intoxication  Tmut/Pois      #.......     100%        5    ######.
 Aura of Abjuration       Summ           #.........   100%        5    ######.
 Blade Hands              Tmut           #.........   100%        5    ######.
 Bolt of Magma            Conj/Fire/Erth #.........   100%        5    ######.
 Borgnjor's Vile Clutch   Necr/Erth      #.........   100%        5    ######.
 Excruciating Wounds      Chrm/Necr      #.........   100%        5    ######.
 Fireball                 Conj/Fire      #.........   100%        5    ######.
 Irradiate                Conj/Tmut      #.........   100%        5    ######.
 Iskenderun's Battlesphe  Conj/Chrm      #.......     100%        5    ######.
 Lee's Rapid Deconstruct  Erth           #.........   100%        5    ######.
 Lightning Bolt           Conj/Air       #.........   100%        5    ######.
 Metabolic Englaciation   Hex/Ice        #.........   100%        5    ######.
 Silence                  Hex/Air        #.........   100%        5    ######.
 Summon Demon             Summ           #.........   100%        5    ######.
 Summon Forest            Summ/Tloc      #.........   100%        5    ######.
 Summon Mana Viper        Hex/Summ       #.......     100%        5    ######.
 Venom Bolt               Conj/Pois      #.........   100%        5    ######.
 Yara's Violent Unravell  Hex/Tmut       #.........   100%        5    ######.
 Bolt of Cold             Conj/Ice       #.........   100%        6    #######
 Conjure Ball Lightning   Conj/Air       #.........   100%        6    #######
 Darkness                 Hex            #.........   100%        6    #######
 Death Channel            Necr           #.........   100%        6    #######
 Deflect Missiles         Chrm/Air       #.........   100%        6    #######
 Freezing Cloud           Conj/Ice/Air   #.........   100%        6    #######
 Hydra Form               Tmut           #.........   100%        6    #######
 Invisibility             Hex            #.......     100%        6    #######
 Iron Shot                Conj/Erth      #.........   100%        6    #######
 Ozocubu's Refrigeration  Ice            #.........   100%        6    #######
 Shadow Creatures         Summ           N/A          100%        6    #######
 Simulacrum               Ice/Necr       #.........   100%        6    #######
 Statue Form              Tmut/Erth      #........    100%        6    #######
 Dragon Form              Tmut           #.........   100%        7    #######
 Haunt                    Necr/Summ      #.........   100%        7    #######
 Orb of Destruction       Conj           #.........   100%        7    #######
 Ring of Flames           Chrm/Fire      #.........   100%        7    #######
 Spellforged Servitor     Conj/Summ      #.........   100%        7    #######
 Summon Hydra             Summ           #.........   100%        7    #######
 Borgnjor's Revivificati  Necr           #.........   100%        8    #######
 Controlled Blink         Tloc           N/A          100%        8    #######
 Death's Door             Chrm/Necr      #.........   100%        8    #######
 Discord                  Hex            #.........   100%        8    #######
 Infestation              Necr           #.........   100%        8    #######
 Necromutation            Tmut/Necr      #.........   100%        8    #######
 Shatter                  Erth           #.........   100%        9    #######


Dungeon Overview and Level Annotations

Branches:
Dungeon (15/15)            Temple (1/1) D:6            Lair (6/6) D:8
  Swamp (4/4) Lair:3        Snake (4/4) Lair:4        Slime (5/5) Lair:6
    Orc (2/2) D:10            Elf (3/3) Orc:2        Vaults (5/5) D:13
  Crypt (0/3) Vaults:3     Depths (5/5) D:15            Zot (5/5) Depths:5
  Sewer (visited)           IceCv (visited)

Altars:
Ashenzari
Cheibriados
Dithmenos
Elyvilon
Fedhas
Gozag
Hepliaklqana
Kikubaaqudgha
Makhleb
Nemelex Xobeh
Okawaru
Qazlal
Ru
Sif Muna
Trog
Uskayaw
Vehumet
Wu Jian
Xom
Yredelemnul
Zin
The Shining One
Beogh
Jiyva

Shops:
D:4 !   D:8 (   D:10 }   Orc:1 *   Orc:2 [:=*   Elf:1 =   Elf:3 [   Snake:1 (
Vaults:1 (   Vaults:3 %!=*[   Depths:1 }}=   Depths:3 *   Depths:5 (

Portals:
Hell: Depths:1 Depths:2 Depths:3 Depths:4 Depths:5
Abyss: Depths:2 Depths:4
Pandemonium: Depths:3 Depths:4
Ziggurat: Depths:2

Annotations:
D:9 1 runed translucent door
Lair:5 exclusion: 3 oklob plants
Snake:1 1 runed translucent door, Mesuenwa's ghost, adept DEWz


Innate Abilities, Weirdness & Mutations

You reflexively headbutt those who attack you in melee.
You have a pair of horns on your head.
You tend to lose your temper in combat.
You can translocate small distances at will.
Your muscles are strong. (Str +2)


Message History

You feel much better. The Orb Guardian misses you.
You block the Orb Guardian's attack. x2; The Orb Guardian misses you.
The Orb Guardian barely misses you. You block the Orb Guardian's attack.
You gain the combat prowess of a mighty hero.
You block the Orb Guardian's attack. x2; The Orb Guardian hits you.
* * * LOW HITPOINT WARNING * * *
You feel you are being watched by something.
You feel your power leaking away.
The Orb Guardian hits you but does no damage.
The Orb Guardian closely misses you. You furiously retaliate!
You headbutt the Orb Guardian. The Orb Guardian hits you!
* * * LOW HITPOINT WARNING * * *
You blink.
You feel slightly more hungry.
An electric golem, 2 orbs of fire and an ancient lich come into view.
The ancient lich shouts!
The electric golem blinks!
A Killer Klown comes into view. It is wielding a +9 club.
The orb of fire emits a lurid red light.
The fireball explodes!
The fireball engulfs you!!!!
You die...

*^...............,,,,*
*....................#
*....................# #
*......^.............#
##*...............).^..#
.###.......XX........^#*
...##......yX........#*
#...^...^.^§{X......#*
#▓▓▓▓▓▓▓▓▓▓▓##..@..▓*
****,,,,.*§.L......▓*
**,,,,,,,............▓*
,,,,,,,,,..*..........▓*
,,,,,,,,,..............▓
,,,,,,,,,..............▓
,,,,,,,,,...8.........▓▓
,,,,,,,,,.p....^.....▓▓
,,,,,,,,,,,,,,,,,,,,**


You could see 2 orbs of fire, a Killer Klown (wandering), an electric golem, a
tentacled monstrosity, an ancient lich, 3 Orb Guardians and a moth of wrath.

Vanquished Creatures
  the Royal Jelly (Slime:5)
  Dissolution (Slime:2)
  Mara (Depths:2)
  2 juggernauts
  6 ancient liches
  Xtahua (Vaults:2)
  Boris (Vaults:2)
  Frederick (Depths:1)
  Margery (Vaults:2)
  Vashnia (Snake:4)
  Saint Roka (Vaults:2)
  Nikola (Snake:4)
  10 golden dragons
  2 caustic shrikes (Depths:4)
  4 bone dragons
  9 tentacled monstrosities
  A hellephant (Abyss:1)
  2 electric golems
  Rupert (Lair:6)
  Jorgrun (Snake:3)
  7 Orb Guardians (Zot:5)
  3 deep elf blademasters (Elf:2)
  17 quicksilver dragons
  5 titans
  12 liches
  2 deep elf master archers (Elf:3)
  3 Executioners
  Frances (D:13)
  26 acid blobs
  9 thorn hunters
  6 sphinxes
  8 tengu reavers
  22 tentacled starspawn
  3 death cobs
  15 storm dragons
  Roxanne (Elf:1)
  6 nagarajas
  24 azure jellies
  Donald (Orc:2)
  2 daevas
  15 shadow dragons
  13 draconian monks
  6 fire giants
  6 iron dragons
  19 frost giants
  13 vault wardens
  7 draconian scorchers
  4 balrugs
  A cacodemon (Abyss:4)
  11 deep elf sorcerers
  Louise (Elf:1)
  An orc warlord (Orc:2)
  3 ghost moths
  An angel (Abyss:2)
  5 deep elf elementalists
  4 draconian shifters
  2 ghouls (Vaults:3)
  5 draconian annihilators
  4 spriggan defenders
  11 draconian knights
  3 reapers (Depths:3)
  14 ironheart preservers
  A juggernaut zombie (Depths:3)
  29 very ugly things
  A caustic shrike skeleton (Depths:3)
  4 war gargoyles
  4 entropy weavers
  Nessos (Orc:2)
  A juggernaut skeleton (Depths:3)
  2 vampire knights
  8 deep elf demonologists
  19 stone giants
  Azrael (D:12)
  11 black draconians
  13 purple draconians
  7 deep elf annihilators
  16 green draconians
  18 red draconians
  17 yellow draconians
  10 white draconians
  Snorg (D:14)
  A blizzard demon (Depths:2)
  9 spark wasps
  8 death oozes
  12 deep elf death magi
  4 jiangshi
  18 ettins
  7 deep elf high priests
  13 fire dragons
  5 ice dragons
  20 yaktaur captains
  12 great orbs of eyes
  8 rakshasas
  24 hydras
  3 spriggan air magi
  26 vault guards
  11 ogre magi
  Harold (D:9)
  Fannar (D:11)
  Erolcha (D:9)
  21 naga warriors
  7 shambling mangroves
  A hydra (shapeshifter) (Elf:1)
  9 anacondas
  An anaconda (shapeshifter) (Abyss:3)
  5 catoblepae
  3 death knights (Vaults:5)
  9 centaur warriors
  10 deep troll shamans
  7 death yaks
  3 death scarabs (Abyss:3)
  32 two-headed ogres
  5 deep troll earth magi
  16 tengu warriors
  11 hell hogs
  25 naga sharpshooters
  29 dancing weapons
  8 shock serpents
  10 alligators
  7 orc high priests
  3 sun demons (Depths:2)
  A titan zombie (Abyss:1)
  A vampire mage (Abyss:4)
  8 spriggan berserkers
  6 soul eaters
  17 thrashing horrors
  17 hell knights
  15 skeletal warriors
  Nergalle (Orc:1)
  Sonja (D:12)
  A titan skeleton (Depths:3)
  A salamander mystic (Snake:1)
  4 shadow wraiths
  25 deep elf knights
  19 wretched stars
  4 spatial maelstroms
  6 unseen horrors
  24 deep trolls
  4 flayed ghosts
  A fire crab (shapeshifter) (D:15)
  A storm dragon skeleton (Depths:3)
  A spriggan druid (Swamp:3)
  7 sixfirhies
  3 death drakes (Depths:5)
  A spark wasp zombie (Depths:3)
  6 iron trolls
  19 deep elf archers
  3 golden dragon zombies (Depths:3)
  2 quicksilver dragon simulacra (Depths:2)
  A deep troll (shapeshifter) (Depths:4)
  10 naga ritualists
  11 swamp dragons
  5 glowing orange brains
  8 wizards
  A golden dragon skeleton (Depths:3)
  16 ironbrand convokers
  3 harpies (Vaults:3)
  3 lindwurms
  10 necromancers (Depths:3)
  2 orb spiders
  A sphinx zombie (Depths:3)
  A wolf spider zombie (D:13)
  50 ugly things
  3 phantasmal warriors
  A harpy (shapeshifter) (Vaults:3)
  10 mana vipers
  A fire giant zombie (Depths:3)
  4 shining eyes
  A frost giant zombie (Depths:3)
  3 orc sorcerers
  5 orc knights
  79 deep elf magi
  4 oklob plants
  An orb spider (shapeshifter) (Vaults:3)
  A manticore (shapeshifter) (Vaults:5)
  A salamander (shapeshifter) (Depths:3)
  6 wolf spiders
  11 cyclopes
  2 sphinx skeletons (Depths:3)
  5 worldbinders
  5 manticores
  2 fire giant skeletons (Depths:3)
  40 black mambas
  Maurice (D:12)
  A moth of wrath (shapeshifter) (Abyss:3)
  10 salamanders
  8 rust devils (Depths:2)
  16 moths of wrath
  14 vault sentinels
  26 naga magi
  A titan simulacrum (Depths:3)
  4 apocalypse crabs
  2 ice statues
  7 guardian serpents
  12 smoke demons
  A gargoyle (D:14)
  A frost giant skeleton (Depths:3)
  16 spiny frogs
  An eye of devastation (shapeshifter) (Vaults:1)
  7 eyes of devastation
  An orange demon (Abyss:2)
  2 elf skeletons (Depths:3)
  A spiny frog (shapeshifter) (Depths:3)
  2 storm dragon simulacra
  2 hellions (Abyss:4)
  A kobold demonologist (D:13)
  A rime drake (shapeshifter) (Abyss:3)
  3 rime drakes (Swamp:4)
  63 yaktaurs
  10 freezing wraiths
  2 komodo dragons
  A spark wasp simulacrum (Depths:3)
  A yellow draconian skeleton (Abyss:2)
  15 ancient zymes
  4 efreet
  4 demonic crawlers
  A golden dragon simulacrum (Depths:3)
  A hydra zombie (Abyss:1)
  9 red devils
  4 ice devils
  6 tengu conjurers
  6 hellwings
  A wind drake (Depths:5)
  A queen bee (shapeshifter) (Vaults:2)
  7 tyrant leeches
  A queen bee (Abyss:4)
  32 hornets
  18 polar bears
  5 meliai (Abyss:4)
  A merfolk (shapeshifter) (Depths:4)
  A tengu simulacrum (Vaults:2)
  6 trolls
  2 wolf spider simulacra (D:13)
  A wind drake (shapeshifter) (Vaults:5)
  A jumping spider (Vaults:3)
  A blink frog (shapeshifter) (Depths:2)
  42 raiju
  7 bog bodies
  An ettin zombie (Depths:3)
  10 blink frogs
  A spriggan zombie (Depths:3)
  An iron dragon simulacrum (Depths:3)
  7 dream sheep
  A hippogriff (shapeshifter) (Vaults:3)
  A slime creature (shapeshifter) (Depths:2)
  134 slime creatures
  A dream sheep (shapeshifter) (Abyss:4)
  13 hippogriffs
  15 flying skulls
  2 human simulacra
  A stone giant simulacrum (Vaults:1)
  2 spriggan skeletons (Depths:3)
  19 spriggans
  4 shadows
  7 wraiths
  A tarantella (Vaults:3)
  A redback (shapeshifter) (Depths:2)
  2 air elementals
  A tarantella (shapeshifter) (Vaults:1)
  Sigmund (D:2)
  4 wyverns
  A centaur simulacrum (D:13)
  An elf simulacrum (Depths:3)
  6 water elementals
  55 yaks
  An elf zombie (Depths:3)
  2 fire bats (Abyss:1)
  9 ynoxinuls
  9 redbacks
  Eustachio (D:6)
  7 fire elementals
  A human (shapeshifter) (Abyss:3)
  A basilisk (shapeshifter) (Depths:3)
  17 golden eyes
  A vampire (D:9)
  2 basilisks (Lair:6)
  3 hungry ghosts
  11 chaos spawn
  7 neqoxecs
  A swamp worm (shapeshifter) (Abyss:3)
  37 large abominations
  13 insubstantial wisps
  A spatial vortex (Abyss:4)
  8 wargs
  18 vampire mosquitoes
  59 nagas
  A soldier ant (D:14)
  15 swamp worms
  3 acid dragons
  14 water moccasins
  21 hell hounds
  22 swamp drakes
  8 porcupines
  3 sky beasts
  A black bear (shapeshifter) (Vaults:3)
  27 orc warriors
  5 ice beasts
  2 phantoms
  A black bear (D:11)
  10 eyes of draining
  5 ettin simulacra
  6 necrophages (D:10)
  23 ogres
  26 wolves
  14 centaurs
  38 small abominations
  10 crocodiles
  4 big kobolds
  A glowing shapeshifter simulacrum (Depths:3)
  5 earth elementals
  20 bullfrogs
  2 wyvern zombies
  A water moccasin zombie (D:10)
  A wyvern skeleton (D:9)
  14 killer bees
  16 wights
  An electric eel (Lair:6)
  3 vampire bats (Lair:5)
  12 jellies
  11 crimson imps
  2 howler monkeys
  2 bullfrog zombies
  9 quasits
  4 centaur zombies
  59 starcursed masses
  A hound (shapeshifter) (Abyss:3)
  10 hounds
  37 orc priests
  A bullfrog skeleton (D:6)
  6 iron imps
  28 orc wizards
  3 centaur skeletons
  4 iguanas
  Terence (D:2)
  25 worker ants
  A mummy (D:10)
  A howler monkey zombie (D:8)
  3 worker ant zombies
  14 gnolls
  2 gnolls (shapeshifter) (Abyss:3)
  9 adders
  2 adders (shapeshifter) (Abyss:3)
  A river rat (shapeshifter) (Abyss:3)
  6 shadow imps
  8 white imps
  5 oozes
  11 ufetubi
  2 adder zombies
  3 worms (Sewer)
  A worm (shapeshifter) (Vaults:5)
  2 dart slugs
  5 leopard geckos
  122 orcs
  An orc (shapeshifter) (Abyss:3)
  A giant cockroach (shapeshifter) (Abyss:3)
  5 giant cockroaches
  11 goblins
  9 hobgoblins
  15 jackals
  27 kobolds
  6 quokkas
  6 ball pythons
  A bat (shapeshifter) (Abyss:3)
  18 bats
  A frilled lizard (shapeshifter) (Abyss:3)
  5 frilled lizards
  2 quokka zombies
  11 rats
  A rat (shapeshifter) (Abyss:3)
  19 briar patches
  A crawling corpse (Elf:3)
  2 fungi
  6 plants
  21 starspawn tentacles
3248 creatures vanquished.

Vanquished Creatures (others)
  A stone giant (Vaults:5)
  A black draconian (Zot:1)
  A red draconian (Zot:4)
  A yaktaur captain (Depths:5)
  A wizard (Depths:3)
  3 yaktaurs (Depths:5)
  3 golden eyes (Abyss:1)
  A neqoxec (Abyss:4)
  2 small abominations (Abyss:1)
  3 swamp drakes
  5 wolves (IceCv)
  A quasit (Abyss:2)
  An orc wizard (Orc:2)
  7 orcs (Orc:2)
  4 briar patches
  A crawling corpse (Elf:3)
  13 fungi
  3 lurking horrors (Abyss:1)
  32 plants
  21 starspawn tentacles
  2 withered plants (Snake:1)
107 creatures vanquished.

Grand Total: 3355 creatures vanquished

Notes
Turn   | Place    | Note
-------+----------+-------------------------------------------
     0 | D:1      | mnogoshchuk the Minotaur Fighter began the quest for the
                  | Orb.
     0 | D:1      | Reached XP level 1. HP: 19/19 MP: 0/0
   160 | D:1      | Reached XP level 2. HP: 27/27 MP: 1/1
  1022 | D:2      | Reached XP level 3. HP: 32/33 MP: 2/2
  1265 | D:2      | Noticed Sigmund
  1404 | D:2      | Found a shattered altar of Ashenzari.
  1461 | D:2      | Reached XP level 4. HP: 38/41 MP: 3/3
  2066 | D:3      | Found a sacrificial altar of Ru.
  2077 | D:3      | Found a white marble altar of Elyvilon.
  2618 | D:3      | Reached XP level 5. HP: 34/47 MP: 4/4
  2623 | D:3      | Reached skill level 5 in Fighting
  2966 | D:2      | Noticed Terence
  2977 | D:2      | Killed Terence
  4070 | D:4      | Reached skill level 5 in Armour
  4445 | D:4      | Found Elo Amacs's Distillery.
  4453 | D:4      | Bought a potion of agility for 44 gold pieces
  4453 | D:4      | Bought a potion of heal wounds for 55 gold pieces
  4769 | D:4      | Reached XP level 6. HP: 35/56 MP: 5/5
  5276 | D:5      | Entered Level 5 of the Dungeon
  5347 | D:5      | Reached skill level 5 in Axes
  5347 | D:5      | Reached skill level 5 in Shields
  5554 | D:5      | Reached XP level 7. HP: 58/62 MP: 6/6
  6856 | D:6      | Found a staircase to the Ecumenical Temple.
  6867 | D:6      | Noticed Eustachio
  7031 | D:6      | Found a glowing drain.
  7040 | D:6      | Reached XP level 8. HP: 57/71 MP: 7/7
  7053 | Sewer    | Entered a sewer
  7740 | D:6      | Killed Eustachio
  7772 | Temple   | Entered the Ecumenical Temple
  8085 | Temple   | Became a worshipper of Warmaster Okawaru
  9070 | D:7      | Reached * piety under Okawaru
  9070 | D:7      | Reached XP level 9. HP: 53/81 MP: 8/8
  9457 | D:7      | Reached skill level 10 in Axes
  9538 | D:7      | Found a glowing silver altar of Zin.
  9613 | D:7      | Reached ** piety under Okawaru
  9959 | D:8      | Found a viscous altar of Jiyva.
 10095 | D:8      | Got a heavily runed leather armour
 10106 | D:8      | Identified the +3 leather armour "Diwubbitt" {Int+5} (You
                  | found it on level 8 of the Dungeon)
 10410 | D:8      | Found an iron altar of Okawaru.
 10424 | D:8      | Found Joen's Weapon Emporium.
 10524 | D:8      | Found a staircase to the Lair.
 10807 | D:9      | Noticed Erolcha
 10807 | D:9      | Noticed a two-headed ogre
 11025 | D:9      | Noticed Harold
 11043 | D:9      | Killed Harold
 11043 | D:9      | Reached skill level 10 in Fighting
 11043 | D:9      | Reached XP level 10. HP: 48/93 MP: 6/9
 11265 | D:9      | Cast into level 1 of the Abyss (Erolcha)
 11340 | Abyss:1  | Noticed a worldbinder
 11395 | D:9      | Escaped the Abyss
 11626 | D:9      | Found a runed translucent door.
 11626 | D:9      | Noticed a fire crab
 11626 | D:9      | Noticed a great orb of eyes
 11628 | D:9      | Noticed a frost giant
 11628 | D:9      | Noticed an orc knight
 11628 | D:9      | Noticed a centaur warrior
 11691 | D:9      | Reached *** piety under Okawaru
 11863 | D:9      | Killed a two-headed ogre
 12006 | D:9      | Cast into level 1 of the Abyss (Erolcha)
 12201 | Abyss:1  | Noticed a smoke demon
 12204 | Abyss:1  | Noticed a tentacled starspawn
 12206 | Abyss:1  | Noticed a tentacled starspawn
 12226 | Abyss:1  | Killed a tentacled starspawn
 12228 | Abyss:1  | Reached **** piety under Okawaru
 12275 | Abyss:1  | Noticed an apocalypse crab
 12285 | Abyss:1  | Killed an apocalypse crab
 12291 | D:9      | Escaped the Abyss
 12296 | D:9      | Killed Erolcha
 12296 | D:9      | Reached skill level 10 in Armour
 12296 | D:9      | Reached XP level 11. HP: 86/102 MP: 10/10
 13186 | D:2      | Killed Sigmund
 13342 | Lair:1   | Entered Level 1 of the Lair of Beasts
 13408 | Lair:1   | Reached ***** piety under Okawaru
 13408 | Lair:1   | Reached skill level 1 in Invocations
 13826 | Lair:1   | Received a gift from Okawaru
 14120 | Lair:1   | Identified a +2 pair of boots of running (Okawaru gifted it
                  | to you on level 1 of the Lair of Beasts)
 14629 | Lair:2   | Reached skill level 1 in Dodging
 14836 | Lair:2   | Got a faintly glowing war axe
 14837 | Lair:2   | Identified the +2 war axe of Jizyfien {flame, Int+6 SInv}
                  | (You found it on level 2 of the Lair of Beasts)
 14855 | Lair:2   | Noticed a seven-headed hydra
 14867 | Lair:2   | Killed a one-headed hydra
 14956 | Lair:2   | Reached skill level 5 in Dodging
 15703 | Lair:3   | Noticed an eight-headed hydra
 15711 | Lair:3   | Killed a five-headed hydra
 15711 | Lair:3   | Reached XP level 12. HP: 112/112 MP: 8/11
 15755 | Lair:3   | Found a staircase to the Swamp.
 15755 | Lair:3   | Noticed a four-headed hydra
 15765 | Lair:3   | Killed a one-headed hydra
 15895 | Lair:3   | Noticed a six-headed hydra
 15902 | Lair:3   | Killed a three-headed hydra
 16562 | Lair:4   | Reached skill level 10 in Dodging
 17145 | Lair:4   | Found a staircase to the Snake Pit.
 17198 | Lair:4   | Noticed an eight-headed hydra
 17207 | Lair:4   | Killed a four-headed hydra
 17705 | Lair:5   | Received a gift from Okawaru
 17709 | Lair:5   | Got a pitted scale mail {god gift}
 17721 | Lair:5   | Identified the +5 scale mail of mnogoshchuk's Purpose
                  | {rElec rN+} (Okawaru gifted it to you on level 5 of the
                  | Lair of Beasts)
 19265 | Lair:6   | Entered Level 6 of the Lair of Beasts
 19266 | Lair:6   | Noticed Rupert
 19532 | Lair:6   | Reached skill level 15 in Fighting
 19532 | Lair:6   | Reached XP level 13. HP: 112/126 MP: 13/13
 19812 | Lair:6   | Found an iron altar of Okawaru.
 19911 | Lair:6   | Found a staircase to the Slime Pits.
 19911 | Lair:6   | Found a viscous altar of Jiyva.
 20686 | D:10     | Entered Level 10 of the Dungeon
 20689 | D:10     | Found Bailaq's Gadget Boutique.
 20812 | D:10     | Got an ancient war axe
 20813 | D:10     | Identified the +4 war axe of Past Mistakes {venom, rPois
                  | rC+ Stlth+} (You found it on level 10 of the Dungeon)
 20888 | D:10     | Found a staircase to the Orcish Mines.
 21220 | D:10     | Found a sparkling altar of Nemelex Xobeh.
 21415 | D:10     | Got a transparent ring mail
 21426 | D:10     | Identified the +4 ring mail of Catatonia {*Slow rC- rN+++
                  | MR+} (You found it on level 10 of the Dungeon)
 21832 | Orc:1    | Entered Level 1 of the Orcish Mines
 21888 | Orc:1    | Found Nusecuv's Assorted Antiques.
 21904 | Orc:1    | Bought a scroll labeled YBBUJ ZIUCIPI for 23 gold pieces
 21904 | Orc:1    | Bought a scroll of teleportation for 69 gold pieces
 22418 | Orc:2    | Entered Level 2 of the Orcish Mines
 22425 | Orc:1    | Noticed Nergalle
 22432 | Orc:1    | Killed Nergalle
 22646 | Orc:2    | Noticed an ettin
 22666 | Orc:2    | Killed an ettin
 23008 | Orc:2    | Found a roughly hewn altar of Beogh.
 23012 | Orc:2    | Noticed Nessos
 23032 | Orc:2    | Killed Nessos
 24466 | Orc:2    | Reached skill level 15 in Axes
 24511 | Orc:2    | Found a staircase to the Elven Halls.
 24588 | Orc:2    | Received a gift from Okawaru
 24861 | Orc:2    | Found Giyrul's Assorted Antiques.
 24861 | Orc:2    | Found Jeter's Jewellery Shop.
 24866 | Orc:2    | Bought a silvery potion for 27 gold pieces
 24866 | Orc:2    | Bought a scroll labeled FAYJAE GOUQEKK for 30 gold pieces
 24967 | Orc:2    | Found a roughly hewn altar of Beogh.
 24976 | Orc:2    | Found Ciocuim's Armour Shop.
 24976 | Orc:2    | Found Rophiut's Book Shoppe.
 25195 | Orc:2    | Identified the +5 shield of the Barnacle {rElec Int+2
                  | Stlth-}
 25195 | Orc:2    | Noticed Donald
 25224 | Orc:2    | Killed Donald
 25590 | Orc:2    | Noticed an orc warlord
 25663 | Orc:2    | Killed an orc warlord
 25663 | Orc:2    | Received a gift from Okawaru
 25663 | Orc:2    | Reached XP level 14. HP: 136/137 MP: 6/14
 26414 | Swamp:1  | Entered Level 1 of the Swamp
 26769 | Snake:1  | Entered Level 1 of the Snake Pit
 27694 | Snake:1  | Found a runed translucent door.
 27694 | Snake:1  | Noticed Mesuenwa's ghost (adept DEWz)
 28288 | Snake:1  | Found a sparkling altar of Nemelex Xobeh.
 28402 | Snake:1  | Found Biongoph's Antique Weapon Shoppe.
 29426 | Snake:1  | Reached ****** piety under Okawaru
 29729 | Snake:2  | Received a gift from Okawaru
 29808 | Snake:2  | Received a gift from Okawaru
 31056 | Snake:2  | Noticed a nagaraja
 31069 | Snake:2  | Killed a nagaraja
 31069 | Snake:2  | Reached XP level 15. HP: 126/150 MP: 9/15
 32096 | Snake:3  | Received a gift from Okawaru
 32350 | Snake:3  | Identified the +1 robe of the Iron City of Dis {rElec rF+++
                  | rC++ Dex-4} (You found it on level 3 of the Snake Pit)
 32879 | Snake:3  | Noticed Jorgrun
 33586 | Orc:2    | Bought a scroll of identify for 60 gold pieces
 33586 | Orc:2    | Bought a pair of translucent boots for 285 gold pieces
 33586 | Orc:2    | Bought a potion of curing for 90 gold pieces
 33599 | Orc:2    | Identified the +1 pair of boots of a Gauntlet {Int+6 Dex-5
                  | SInv Stlth+} (You bought it in a shop on level 2 of the
                  | Orcish Mines)
 33616 | Orc:2    | Bought the cursed ring "Yjodis" {+Blink EV-2 Str+4 Stlth-}
                  | for 262 gold pieces
 33707 | D:11     | Found a stormy altar of Qazlal.
 34247 | D:11     | Noticed Fannar
 34277 | D:11     | Killed Fannar
 34760 | D:12     | Received a gift from Okawaru
 34855 | D:12     | Reached skill level 10 in Shields
 34875 | D:12     | Noticed Azrael
 35004 | D:12     | Killed Azrael
 35037 | D:12     | Noticed Sonja
 35150 | D:12     | Killed Sonja
 35163 | D:12     | Noticed Maurice
 35173 | D:12     | Killed Maurice
 35701 | D:13     | Found a gate to the Vaults.
 35859 | D:13     | Found a frozen archway.
 35943 | IceCv    | Entered an ice cave
 36349 | IceCv    | Got an opal-encrusted chain mail
 36360 | IceCv    | Identified the +8 chain mail "Umoesag" {rC++ Int+4 Stlth+}
                  | (You found it in an ice cave)
 36744 | IceCv    | Noticed a frost giant
 36751 | IceCv    | Reached XP level 16. HP: 162/162 MP: 10/16
 36815 | IceCv    | Identified Sif Muna's Collected Works on Evil Secrets
 37133 | D:13     | Noticed Frances
 37146 | D:13     | Killed Frances
 37638 | D:13     | Received a gift from Okawaru
 38041 | D:13     | Gained mutation: You have an increased reservoir of magic.
                  | (+10% MP) [potion of mutation]
 38041 | D:13     | Gained mutation: You have supernaturally acute eyesight.
                  | (SInv) [potion of mutation]
 38041 | D:13     | Gained mutation: Your body sometimes deteriorates upon
                  | taking damage. [potion of mutation]
 38041 | D:13     | Gained mutation: Your flesh is cold resistant. (rC+)
                  | [potion of mutation]
 38737 | Lair:6   | Killed Rupert
 38917 | Lair:6   | Reached skill level 15 in Shields
 39355 | Slime:1  | Entered Level 1 of the Pits of Slime
 39424 | Slime:1  | Noticed an acid blob
 40452 | D:14     | Noticed Snorg
 40462 | D:14     | Killed Snorg
 40774 | D:14     | You fall into a shaft and drop 1 floor!
 40774 | D:15     | Entered Level 15 of the Dungeon
 40811 | D:15     | Received a gift from Okawaru
 41661 | D:15     | Found a blossoming altar of Fedhas.
 41726 | D:15     | Found a staircase to the Depths.
 41748 | D:15     | Paralysed by an ogre mage for 3 turns
 42045 | Depths:1 | Entered Level 1 of the Depths
 42054 | Depths:1 | Received a gift from Okawaru
 42077 | Depths:1 | Reached XP level 17. HP: 170/170 MP: 19/19
 42137 | Depths:1 | Found a gateway to Hell.
 42224 | Depths:1 | Received a gift from Okawaru
 42571 | Depths:1 | Found Tede's Gadget Shoppe.
 42572 | Depths:1 | Found Recowoac's Jewellery Shop.
 42573 | Depths:1 | Found Ylupt's Gadget Shoppe.
 43130 | Depths:1 | Noticed Frederick
 43889 | Elf:1    | Entered Level 1 of the Elven Halls
 44326 | Elf:1    | Received a gift from Okawaru
 44329 | Elf:1    | Got a brightly glowing broad axe {god gift}
 44330 | Elf:1    | Identified the +4 broad axe of Defilement {chop, +Fly rC++
                  | MR+++ Str-2} (Okawaru gifted it to you on level 1 of the
                  | Elven Halls)
 45006 | Elf:1    | Noticed Louise
 45027 | Elf:1    | Killed Louise
 45373 | Elf:1    | Reached skill level 15 in Dodging
 45377 | Elf:1    | Received a gift from Okawaru
 45565 | Elf:1    | Identified the -6 pair of boots of a Gauntlet {rF++ Dex+2}
                  | (Okawaru gifted it to you on level 1 of the Elven Halls)
 45593 | Elf:1    | Identified Roxanne's Collected Works on Transmutation
 45593 | Elf:1    | Noticed Roxanne
 45606 | Elf:1    | Killed Roxanne
 45606 | Elf:1    | Reached skill level 15 in Armour
 45766 | Elf:1    | Found Secyc's Jewellery Boutique.
 46104 | Elf:2    | Reached XP level 18. HP: 178/178 MP: 20/20
 46646 | Elf:2    | Found a runed translucent gate.
 46646 | Elf:2    | Found a runed translucent gate.
 46646 | Elf:2    | Found a runed translucent gate.
 47854 | Elf:2    | Received a gift from Okawaru
 48491 | Elf:3    | Entered Level 3 of the Elven Halls
 48491 | Elf:3    | Found Vogeka's Antique Armour Boutique.
 50211 | Elf:3    | Noticed a Hell Sentinel
 50216 | Elf:3    | Noticed a Tzitzimitl
 50699 | Elf:2    | Received a gift from Okawaru
 50928 | Elf:2    | Got a crystal war axe {god gift}
 50929 | Elf:2    | Identified the +8 war axe of the Pariah {flame, *Corrode
                  | Str+5 Int+2} (Okawaru gifted it to you on level 2 of the
                  | Elven Halls)
 51192 | Elf:3    | Identified the +10 spear "Newtslayer" {flame, Int+2 Dex+4}
 51213 | Elf:3    | Identified the +5 war axe of the People {holy, Str+4 Dex-2}
 51213 | Elf:3    | Identified the amulet of the Snail {MR+ Regen+ MP+9 Str+4}
 51244 | Elf:3    | Reached XP level 19. HP: 163/185 MP: 21/21
 51251 | Elf:3    | Identified the +1 rapier of Foigrux {drain, +Inv rElec
                  | SInv}
 51528 | Elf:3    | Identified the Incunabulum of Conjuration and Dislocation
 51596 | Elf:3    | Received a gift from Okawaru
 52503 | Elf:3    | Identified the Handbook of the Entrancing Voyage
 52535 | Elf:3    | Identified the Disquisition on Enthralling Flight
 52545 | Elf:3    | Identified the Compendium of the Lucky Rocks
 53244 | Depths:1 | Killed Frederick
 54185 | Depths:2 | Noticed a Brimstone Fiend
 56041 | Swamp:2  | Received a gift from Okawaru
 57741 | Snake:3  | Killed Jorgrun
 57791 | Snake:4  | Entered Level 4 of the Snake Pit
 58086 | Snake:4  | Received a gift from Okawaru
 58332 | Snake:4  | Reached XP level 20. HP: 193/193 MP: 22/22
 58734 | Snake:4  | Identified the +10 broad axe "Ultimatum" {venom, rN+}
                  | (Okawaru gifted it to you on level 4 of the Snake Pit)
 58847 | Snake:4  | Noticed Nikola
 58889 | Snake:4  | Killed Nikola
 58889 | Snake:4  | Received a gift from Okawaru
 59097 | Snake:4  | Noticed Vashnia
 59124 | Snake:4  | Killed Vashnia
 59417 | Snake:4  | Got a serpentine rune of Zot
 59811 | Vaults:1 | Entered Level 1 of the Vaults
 60546 | Vaults:1 | Received a gift from Okawaru
 61762 | Vaults:1 | Found Hetz's Weapon Boutique.
 61782 | Vaults:1 | Received a gift from Okawaru
 61813 | Vaults:2 | Noticed Xtahua
 61872 | Vaults:2 | Reached XP level 21. HP: 204/204 MP: 24/24
 62048 | Vaults:2 | Noticed Boris
 62063 | Vaults:2 | Killed Boris
 62393 | Vaults:2 | Noticed Margery
 62430 | Vaults:2 | Killed Margery
 62487 | Vaults:2 | Noticed Saint Roka
 62507 | Vaults:2 | Killed Saint Roka
 63496 | Vaults:2 | Killed Xtahua
 63496 | Vaults:2 | Received a gift from Okawaru
 63499 | Vaults:2 | Identified the +0 pair of boots of the Snail {-Cast Regen+
                  | MP-9 SInv} (Okawaru gifted it to you on level 2 of the
                  | Vaults)
 63614 | Vaults:3 | Found Exzorph's Assorted Antiques.
 63617 | Vaults:3 | Bought a potion of curing for 120 gold pieces
 64016 | Vaults:3 | Found a staircase to the Crypt.
 64258 | Vaults:3 | Found Wotetz's Jewellery Shop.
 64266 | Vaults:3 | Bought the ring "Rimin" {rCorr Dex+3} for 432 gold pieces
 64535 | Vaults:3 | Identified the +1 leather armour of Infinity {MR+}
 64566 | Vaults:3 | Found Ecots's Antique Armour Boutique.
 64761 | Vaults:3 | Found Hockaara's Distillery.
 64777 | Vaults:3 | Bought a potion of cancellation for 120 gold pieces
 64777 | Vaults:3 | Bought a potion of curing for 45 gold pieces
 64777 | Vaults:3 | Bought 2 potions of heal wounds for 150 gold pieces
 64777 | Vaults:3 | Bought a potion of heal wounds for 75 gold pieces
 64777 | Vaults:3 | Bought a potion of curing for 45 gold pieces
 64777 | Vaults:3 | Bought a potion of mutation for 120 gold pieces
 64789 | Vaults:3 | Found Qupru's Food Shoppe.
 65374 | Vaults:3 | Received a gift from Okawaru
 65386 | Vaults:3 | Reached XP level 22. HP: 214/224 MP: 25/25
 68173 | Vaults:5 | Entered Level 5 of the Vaults
 68689 | Vaults:5 | Identified the ring "Beusycor" {+Blink rElec Str-5 Dex+3}
 68704 | Vaults:4 | Received a gift from Okawaru
 69124 | Vaults:5 | Noticed a golden dragon
 69136 | Vaults:5 | Killed a golden dragon
 69493 | Vaults:5 | Received a gift from Okawaru
 69558 | Vaults:5 | Reached skill level 27 in Fighting
 69561 | Vaults:5 | Reached skill level 1 in Spellcasting
 69631 | Vaults:5 | Reached skill level 1 in Evocations
 69640 | Vaults:5 | Reached XP level 23. HP: 91/240 MP: 26/26
 70181 | Vaults:5 | Noticed an ancient lich
 70201 | Vaults:5 | Killed an ancient lich
 70201 | Vaults:5 | Reached skill level 5 in Evocations
 70206 | Vaults:5 | Noticed an ancient lich
 70210 | Vaults:5 | Killed an ancient lich
 70235 | Vaults:5 | Got a steaming plate armour
 70246 | Vaults:5 | Identified the cursed +0 plate armour of Haxociwk {*Slow
                  | +Blink Int+5 SInv} (You found it on level 5 of the Vaults)
 70474 | Vaults:5 | Identified Nobufewn's Grimoire of Clay and the Escort
 70727 | Vaults:5 | Received a gift from Okawaru
 71506 | Vaults:5 | Got a distressingly furry chain mail
 71512 | Vaults:5 | Identified the cursed +1 chain mail of Freedom {rElec rC++
                  | MP-9} (You found it on level 5 of the Vaults)
 71635 | Vaults:5 | Identified a +1 pair of boots of running (You found it on
                  | level 5 of the Vaults)
 71643 | Vaults:5 | Got a twisted scimitar
 71644 | Vaults:5 | Identified the +1 scimitar "Galamogal" {freeze, Dex+6} (You
                  | found it on level 5 of the Vaults)
 71667 | Vaults:5 | Reached skill level 1 in Long Blades
 71761 | Vaults:5 | Identified the +1 chain mail "Ydait" {rElec}
 72120 | Vaults:5 | Got a silver rune of Zot
 72977 | D:12     | Reached skill level 10 in Evocations
 73440 | Depths:2 | Found an ancient bone altar of Kikubaaqudgha.
 73442 | Depths:2 | Found a one-way gate to the infinite horrors of the Abyss.
 73496 | Depths:2 | Found a stormy altar of Qazlal.
 73496 | Depths:2 | Found a gateway to a ziggurat.
 73538 | Depths:2 | Noticed a juggernaut
 73822 | Depths:1 | Killed a juggernaut
 73822 | Depths:1 | Reached skill level 5 in Invocations
 74006 | Depths:2 | Noticed Mara
 74013 | Depths:2 | Noticed mnogoshchuk's illusion
 74026 | Depths:2 | Killed Mara
 74026 | Depths:2 | Received a gift from Okawaru
 74096 | Depths:2 | Found a hazy altar of Hepliaklqana.
 74552 | Depths:2 | Reached XP level 24. HP: 198/249 MP: 33/33
 74841 | Depths:2 | Received a gift from Okawaru
 74844 | Depths:2 | Identified the +9 bardiche of Light {venom, rN+ Int+4
                  | Stlth+} (Okawaru gifted it to you on level 2 of the Depths)
 75098 | Depths:2 | Found an ornate altar of the Wu Jian Council.
 75474 | Depths:3 | Found Nethaahu's Pet Rocks.
 75552 | Depths:3 | Received a gift from Okawaru
 75553 | Depths:3 | Found the +8 orange crystal plate armour {Archmagi, Int+3
                  | Clar}
 75730 | Depths:2 | HP: 2/249 [spriggan defender/+5 quick blade (37)]
 76602 | Depths:3 | Found a one-way gate leading to the halls of Pandemonium.
 77414 | Depths:3 | Found an ancient bone altar of Kikubaaqudgha.
 77699 | Depths:3 | Found a burning altar of Makhleb.
 78482 | Depths:4 | Identified the +5 scale mail of Xom's Righteous Fury
                  | {Regen+} (You found it on level 4 of the Depths)
 78926 | Depths:4 | Received a gift from Okawaru
 79054 | Depths:4 | Reached XP level 25. HP: 239/256 MP: 33/33
 79735 | Depths:4 | Found a runed translucent door.
 80026 | Depths:4 | Noticed a juggernaut
 80062 | Depths:4 | Killed a juggernaut
 80069 | Depths:4 | Received a gift from Okawaru
 80070 | Depths:4 | Found the +8 mithril axe "Arga" {speed, MR+}
 80414 | Depths:4 | Identified the ring of Petzius {rPois rCorr Slay+3} (You
                  | found it on level 4 of the Depths)
 80659 | Depths:5 | Entered Level 5 of the Depths
 81052 | Depths:5 | Found Coluqaor's Weapon Emporium.
 82001 | Depths:5 | Found a gate to the Realm of Zot.
 83062 | Depths:5 | Received a gift from Okawaru
 83363 | Depths:3 | Reached skill level 1 in Unarmed Combat
 83732 | Swamp:3  | Identified the +4 war axe of Ifaniz {chop, -Tele rF+ Int+3
                  | Dex+3} (You found it on level 3 of the Swamp)
 84176 | Swamp:3  | Reached skill level 5 in Unarmed Combat
 84424 | Swamp:3  | Identified the +6 battleaxe of an ossuary {chaos, Int+6}
                  | (You found it on level 3 of the Swamp)
 84699 | Swamp:4  | Entered Level 4 of the Swamp
 84853 | Swamp:3  | Received a gift from Okawaru
 85222 | Swamp:4  | Got a decaying rune of Zot
 85425 | Swamp:4  | Reached XP level 26. HP: 264/264 MP: 33/33
 85743 | Swamp:4  | Reached skill level 10 in Unarmed Combat
 86264 | Zot:1    | Entered Level 1 of the Realm of Zot
 86866 | Zot:1    | Received a gift from Okawaru
 88448 | Zot:2    | Found a hide-covered altar of Uskayaw.
 88583 | Zot:2    | Reached skill level 15 in Unarmed Combat
 90140 | Zot:2    | Received a gift from Okawaru
 90477 | Zot:3    | Noticed an ancient lich
 90853 | Zot:2    | Received a gift from Okawaru
 90858 | Zot:2    | Identified the +1 troll leather armour of the Nexus {*Slow
                  | rC- rN++ Regen+ rCorr} (Okawaru gifted it to you on level 2
                  | of the Realm of Zot)
 90998 | Zot:2    | Killed an ancient lich
 91391 | Zot:3    | Reached XP level 27. HP: 246/271 MP: 33/33
 93663 | Zot:4    | Received a gift from Okawaru
 94924 | Zot:5    | Entered Level 5 of the Realm of Zot
 96632 | Slime:1  | Received a gift from Okawaru
 97763 | Slime:2  | Gained mutation: Armour fits poorly on your strangely
                  | shaped body. [a shining eye]
 98706 | Slime:3  | Received a gift from Okawaru
 98709 | Slime:3  | Identified the +0 pair of boots "Goorph" {rF+ SInv}
                  | (Okawaru gifted it to you on level 3 of the Pits of Slime)
100095 | Slime:2  | Noticed Dissolution
100133 | Slime:2  | Killed Dissolution
100454 | Slime:4  | Gained mutation: You are weak. (Str -2) [a shining eye]
100644 | Slime:5  | Entered Level 5 of the Pits of Slime
101544 | Slime:5  | Noticed the Royal Jelly
101617 | Slime:5  | Killed the Royal Jelly
101899 | Slime:5  | Identified the +3 great sword of Honour {flame, *Rage rC+
                  | rN+++ MR-} (You found it on level 5 of the Pits of Slime)
101915 | Slime:5  | Got a slimy rune of Zot
101963 | Slime:5  | Identified Jiere's Almanac of Lucky Stones
101980 | Slime:5  | Identified the +2 scimitar "Iskerah" {protect, -Tele rPois
                  | Int+2} (You found it on level 5 of the Pits of Slime)
101984 | Slime:5  | Identified the ring of Ifyaxzoy {+Inv rN+ rCorr Str+4} (You
                  | found it on level 5 of the Pits of Slime)
101993 | Slime:5  | Identified the +5 trident "Sepevvek" {pierce, Int+3} (You
                  | found it on level 5 of the Pits of Slime)
102549 | Depths:2 | Voluntarily entered the Abyss.
102587 | Abyss:1  | Received a gift from Okawaru
102590 | Abyss:1  | Identified the +1 hat of Terror {Int+7} (Okawaru gifted it
                  | to you on level 1 of the Abyss)
102649 | Abyss:1  | Identified the +8 great sword of Valiance {freeze, +Rage
                  | rElec rF++ rN+ Str-3} (You found it on level 1 of the
                  | Abyss)
102842 | Abyss:1  | Gained mutation: You are dopey. (Int -2) [a neqoxec]
102954 | Depths:2 | Escaped the Abyss
103111 | Depths:2 | Voluntarily entered the Abyss.
103782 | Abyss:1  | Paralysed by accursed screaming for 1 turns
104527 | Depths:2 | Escaped the Abyss
104667 | Depths:2 | Voluntarily entered the Abyss.
105350 | Abyss:1  | Gained mutation: You are clumsy. (Dex -2) [a neqoxec]
105417 | Abyss:1  | Found a shimmering altar of Xom.
105635 | Abyss:2  | Found a corrupted altar of Lugonu.
105657 | Abyss:2  | Found a shimmering altar of Xom.
106053 | Abyss:2  | Gained mutation: You are frail. (-10% HP) [a neqoxec]
106126 | Abyss:2  | Received a gift from Okawaru
106610 | Abyss:2  | Identified the +0 scimitar of the Immovable Yaks {vamp, rF-
                  | rC++ Str+3 Stlth+} (You acquired it on level 2 of the
                  | Abyss)
107138 | Abyss:3  | Lost mutation: Your body sometimes deteriorates upon taking
                  | damage. [potion of mutation]
107138 | Abyss:3  | Lost mutation: You are very clumsy. (Dex -4) [potion of
                  | mutation]
107138 | Abyss:3  | Lost mutation: You are weak. (Str -2) [potion of mutation]
107138 | Abyss:3  | Lost mutation: You are dopey. (Int -2) [potion of mutation]
107139 | Abyss:3  | Lost mutation: You are frail. (-10% HP) [potion of
                  | mutation]
107139 | Abyss:3  | Lost mutation: Armour fits poorly on your strangely shaped
                  | body. [potion of mutation]
107139 | Abyss:3  | Lost mutation: Your flesh is cold resistant. (rC+) [potion
                  | of mutation]
107139 | Abyss:3  | Lost mutation: You have supernaturally acute eyesight.
                  | (SInv) [potion of mutation]
107139 | Abyss:3  | Gained mutation: You are frail. (-10% HP) [potion of
                  | mutation]
107139 | Abyss:3  | Lost mutation: You are frail. (-10% HP) [potion of
                  | mutation]
107139 | Abyss:3  | Gained mutation: You tend to lose your temper in combat.
                  | [potion of mutation]
107139 | Abyss:3  | Gained mutation: You can translocate small distances at
                  | will. [potion of mutation]
107252 | Abyss:3  | Received a gift from Okawaru
107799 | Abyss:4  | Reached skill level 27 in Shields
107960 | Abyss:4  | Gained mutation: Your muscles are strong. (Str +2) [a
                  | shining eye]
108013 | Abyss:4  | Lost mutation: You have an increased reservoir of magic.
                  | (+10% MP) [a neqoxec]
108139 | Abyss:4  | Received a gift from Okawaru
108496 | Abyss:5  | Entered Level 5 of the Abyss
108504 | Depths:2 | Escaped the Abyss
108920 | Depths:2 | Voluntarily entered the Abyss.
108928 | Abyss:1  | Paralysed by accursed screaming for 2 turns
108934 | Abyss:1  | Paralysed by accursed screaming for 2 turns
109005 | Abyss:1  | Noticed an ancient lich
109008 | Abyss:1  | Killed an ancient lich
109013 | Depths:2 | Escaped the Abyss
109314 | Zot:5    | Noticed an ancient lich
109314 | Zot:5    | Noticed an ancient lich
109323 | Zot:5    | Killed an ancient lich
109324 | Zot:5    | Killed an ancient lich
109327 | Zot:5    | HP: 7/273 [Orb Guardian (42)]
109330 | Zot:5    | Noticed an ancient lich
109330 | Zot:5    | Noticed an orb of fire
109330 | Zot:5    | Noticed an orb of fire
109330 | Zot:5    | Killed from afar by an orb of fire

Levels and vault maps discovered:
D:1:      dpeg_arrival_simpleton_c, layout_basic, serial_park_tiny_2,
          minmay_box_of_dots
D:2:      layout_loops_ring, ashenzari_altar_1, first_ration, uniq_terence,
          uniq_sigmund
D:3:      layout_loops_corners, amethyst_overflow_temple_binary,
          minmay_misc_feat_ornament
D:4:      layout_loops_corners, serial_shops, nicolae_shop_behind_doors
D:5:      layout_loops_ring, palyth_stone_intersect
D:6:      layout_loops_ring, temple_pool_b, portal_sewer_entry_a, uniq_eustachio
D:7:      layout_basic, zin_statuary, the_bakery
D:8:      layout_gridville, lair_entry_dummy, serial_shops, shop, basic_altar,
          jiyva_altar_1
D:9:      minmay_gate_of_8, layout_loops_corners, minmay_microvault,
          uniq_erolcha, uniq_harold
D:10:     layout_basic, erik_orc_4, serial_undead, serial_undead_a,
          serial_undead_a, serial_undead_a, serial_undead_a, serial_shops,
          nicolae_shop_temple_entry_statues_fountains,
          nemelex_xobeh_ov_fountains_minmay
D:11:     layout_irregular_city, basic_altar, uniq_fannar
D:12:     layout_loops_ring, uniq_sonja, uniq_azrael, uniq_maurice
D:13:     layout_roguey, skrybe_vaults_entry_preservation, serial_ice,
          serial_ice_d, serial_ice_l, serial_ice_h, serial_ice_e,
          portal_ice_cave_demonic_guard, nzn_random_ring, uniq_frances
D:14:     layout_roguey, serial_bayou_shore_a, uniq_snorg
D:15:     hangedman_depths_entry_civil_slaughter, layout_basic,
          hangedman_abyss_or_decor_jellyfish_corner, fedhas_altar_3
Temple:   dpeg_five_rooms_temple
Lair:1:   layout_roguey
Lair:2:   layout_chaotic_city
Lair:3:   layout_big_grid, swamp_mist, lemuel_fruit_fields,
          serial_bayou_shore_b, grunt_megastairs_5
Lair:4:   layout_hall_layers, minmay_snake_entry_guardpost_medium
Lair:5:   layout_hall_layers, roderic_batcave, serial_bayou_shore_b,
          minmay_lair_oklob_chamber, grunt_megastairs_4,
          infiniplex_staircase_pool
Lair:6:   evilmike_catoblepas_cave, layout_misc_corridors, slime_altar_1,
          serial_bayou_lagoon_a, lemuel_oklob_altar, uniq_rupert
Swamp:1:  layout_basic_swamp, nicolae_swamp_fairy_circle
Swamp:2:  layout_basic_swamp, nicolae_swamp_very_dense_foliage
Swamp:3:  nicolae_swamp_phyte_club, layout_basic_swamp,
          evilmike_swamp_ruin_house_2
Swamp:4:  swamp_alternative, layout_basic_swamp
Snake:1:  layout_honeycomb, gammafunk_ghost_grave, basic_altar, serial_shops,
          shop, st_stairs_3, grunt_ministairs_13
Snake:2:  layout_rooms
Snake:3:  layout_honeycomb, uniq_jorgrun
Snake:4:  snake_pit, layout_misc_corridors, serial_bayou_pond_c, uniq_nikola,
          uniq_vashnia
Slime:1:  layout_caves
Slime:2:  layout_caves, uniq_dissolution
Slime:3:  layout_caves, nicolae_slime_barrier
Slime:4:  layout_caves, cheibrodos_slime_lost_civilization_5
Slime:5
Orc:1:    layout_diamond_mine, serial_shops, shop, uniq_nergalle
Orc:2:    st_orc_town, layout_diamond_mine, basic_altar, hangedman_minor_magic,
          uniq_donald, uniq_nessos
Elf:1:    eino_elf_arrival_the_gate, layout_rooms, serial_shops, shop,
          minivault_28, uniq_louise, uniq_roxanne
Elf:2:    layout_gridlike
Elf:3:    grunt_elf_hall_branching, layout_gridlike, serial_shops,
          nicolae_shop_overgrown_old_shop
Vaults:1: vaults_mumra_hexcomb, grunt_vaults_trifunnel,
          hangedman_vaults_stretched_pinwheel, v_misc_22, v_misc_26,
          vaults_room_stairs_pillars, v_rooms_1,
          nicolae_vaults_little_squares_4, v_misc_31, ontoclasm_vaults_pinch,
          ontoclasm_vaults_shout, ontoclasm_vaults_ring_large,
          nicolae_vaults_network_quinsquares
          [nicolae_vaults_network_quincunx_subvault,
          nicolae_vaults_network_quincunx_subvault,
          nicolae_vaults_network_quincunx_subvault,
          nicolae_vaults_network_quincunx_subvault], ontoclasm_vaults_gateway,
          vaults_room_pools, layout_vaults_omnicross, serial_shops, shop
Vaults:2: hangedman_vaults_slither, v_alt_pattern_5, v_pattern_3,
          nicolae_vaults_ring_of_whatevers, v_misc_1, vaults_dpeg_hooks,
          layout_vaults_quadrants, uniq_saint_roka, uniq_boris, uniq_margery,
          uniq_xtahua
Vaults:3: ontoclasm_vaults_shuriken, grunt_vaults_hallway_long,
          dpeg_vaults_monster_box, vaults_room_corners, vaults_room_semicircle,
          vaults_room_door_ring, minmay_crypt_entry_simple_round,
          nicolae_vaults_network_barrier, hangedman_vaults_pinch,
          nicolae_vaults_windows_and_doors_thing, vaults_dpeg_ring,
          vaults_room_fours, ontoclasm_vaults_idyll, layout_vaults_ring,
          serial_shops, shop, nicolae_shop_behind_doors, shop, shop, shop
Vaults:4: v_misc_15, nicolae_vaults_diagonal_hallway_9, nicolae_vaults_octagons,
          vaults_dpeg_doors, v_misc_10, vaults_room_stairs_pillars,
          grunt_vaults_bifocal, vaults_dpeg_cross, vaults_room_semicircle,
          nicolae_vaults_ring_of_whatevers, nicolae_vaults_big_angled_halls,
          vaults_dpeg_encased_lava, layout_vaults_chaotic_city
Vaults:5
Depths:1: layout_gridlike, grunt_hell_horde, grunt_decor_mini_mirrors,
          sword_in_stone, minmay_shop_grove
Depths:2: grunt_profane_halls [grunt_profane_temple_coc,
          grunt_profane_temple_geh, grunt_profane_temple_tar,
          grunt_profane_temple_dis, grunt_profane_loot], abyss_entry,
          hell_entry, uniq_mara
Depths:3: evilmike_negative_zone, layout_cave_pools, hangedman_coc_ice_floe,
          rand_demon_pan_entry_8, old_standard_altar, minmay_misc_feat_pillars,
          guppyfry_shop_earth
Depths:4: minmay_the_grid_triangle_9x9_rhombus_full
          [minmay_the_grid_triangle_9x9_windchime,
          minmay_the_grid_triangle_9x9_subtriangle,
          minmay_the_grid_triangle_9x9_impossible_snake,
          minmay_the_grid_triangle_9x9_zippers_vertical,
          minmay_the_grid_triangle_9x9_longest,
          minmay_the_grid_triangle_9x9_odd_lines,
          minmay_the_grid_triangle_9x9_limited_checkers,
          minmay_the_grid_triangle_9x9_prize_insulated], layout_gridlike,
          hell_entry, abyss_entry_small_statue_room, serial_glass,
          glass_columns_a, glass_columns_a, rand_demon_pan_entry_4,
          uniq_frederick
Depths:5: lemuel_castle_with_subvaults [lemuel_castle_interior_carwin_2],
          layout_basic, serial_rivers, chequers_serial_rivers_small_b,
          chequers_serial_rivers_room_b, chequers_serial_rivers_large_a,
          chequers_serial_rivers_micro_b, chequers_serial_rivers_small_a,
          serial_shops, shop_fountains, hell_entry, grunt_decor_fettered,
          minmay_misc_feat_more_columns
Zot:1:    layout_concentric_octagons
Zot:2:    layout_onion_interference, basic_altar
Zot:3:    hangedman_zot_vaults_quadrants, layout_cathedral_of_symmetry
Zot:4:    layout_basic, grunt_megastairs_3
Zot:5:    layout_gridlike, st_stairs_1

Skill      XL: |  1  2  3  4  5  6  7  8  9 10 11 12 13 14 15 16 17 18 19 20 21 22 23 24 25 26 27 |
---------------+----------------------------------------------------------------------------------+-----
Shields        | 4 5 6 8 12 15 17 20 23 24 27 | 27.0
Armour         | 4 5 7 10 12 15 16 17 18 19 23 | 23.0
Fighting       | 4 5 6 8 10 11 12 15 16 18 20 21 24 27 | 27.0
Axes           | 3 4 5 6 9 11 12 13 16 18 20 21 | 21.0
Invocations    | 1 2 7 |  7.1
Dodging        | 7 10 12 15 16 17 18 20 | 20.4
Spellcasting   | 1 |  1.1
Evocations     | 2 11 | 11.4
Long Blades    | 2 |  2.2
Unarmed Combat | 9 17 24 | 24.7
Throwing       | |  0.1
Stealth        | |  0.7

Action                   |  1- 3 |  4- 6 |  7- 9 | 10-12 | 13-15 | 16-18 | 19-21 | 22-24 | 25-27 || total
-------------------------+-------+-------+-------+-------+-------+-------+-------+-------+-------++-------
Melee: War axe           |    84 |   199 |   477 |   523 |  1373 |   727 |  1339 |   107 |  1175 ||  6004
       Headbutt          |    11 |    31 |    81 |   111 |   321 |   380 |   498 |   513 |  1079 ||  3025
       Broad axe         |       |       |       |       |       |   592 |   287 |  1340 |  1978 ||  4197
Invok: Heroism           |       |       |     1 |     5 |     7 |       |       |     1 |     2 ||    16
       Finesse           |       |       |       |     1 |     6 |     1 |       |       |     4 ||    12
 Abil: Evoke Blink       |       |       |       |       |       |       |       |     3 |     1 ||     4
       Blink             |       |       |       |       |       |       |       |       |     2 ||     2
Evoke: Wand              |       |       |       |       |     3 |       |       |       |       ||     3
  Use: Scroll            |       |     3 |    10 |    11 |    17 |    16 |     9 |    20 |    31 ||   117
       Potion            |       |     1 |     3 |     6 |     7 |    10 |     4 |     9 |    10 ||    50
 Stab: Confused          |       |       |       |       |     1 |       |       |       |     5 ||     6
       Distracted        |       |       |       |       |     1 |       |       |     1 |     1 ||     3
       Paralysed         |       |       |       |       |       |       |       |       |     3 ||     3
  Eat: Chunk             |     2 |    13 |    39 |    26 |    56 |    44 |    29 |    19 |    25 ||   253
       Ration            |       |       |       |       |       |       |     2 |     7 |    21 ||    30
Armor: Scale mail        |    35 |     9 |       |    37 |   354 |       |       |       |       ||   435
       Chain mail        |       |    86 |   257 |   165 |    28 |   409 |   374 |   418 |   672 ||  2409
       Plate armour      |       |       |    13 |       |       |       |       |       |       ||    13
       Skin              |       |       |       |       |       |       |       |       |    20 ||    20
Dodge: Dodged            |    16 |    43 |   113 |   191 |   419 |   340 |   454 |   402 |   849 ||  2827
Block: Shield            |    41 |   102 |   286 |   283 |   806 |   929 |  1391 |  1298 |  2835 ||  7971
       Reflection        |       |       |       |       |       |       |       |     4 |    95 ||    99
